 Dungeon Crawl Stone Soup version 0.31.0-32-g396128a36d (webtiles) character file.

Game seed: 6029414341475648848

2235 AdnanSaban the Basher (level 9, -2/55 HPs)
             Began as a Gargoyle Fighter on Apr 18, 2024.
             Slain by an orc warrior
             ... wielding a +0 glaive
              (6 damage)
             ... on level 7 of the Dungeon.
             The game lasted 00:06:48 (6735 turns).

AdnanSaban the Basher (Gargoyle Fighter)            Turns: 6735, Time: 00:06:49

Health: -2/55      AC: 15    Str: 24    XL:     9   Next: 36%
Magic:  9/9        EV:  9    Int:  9    God:
Gold:   391        SH:  8    Dex:  9    Spells: 8/8 levels left

rFire   . . .        a - +0 flail
rCold   . . .        B - +0 kite shield
rNeg    + . .        b - +0 scale mail
rPois   ∞            (no helmet)
rElec   +            (no cloak)
rCorr   .            e - +0 pair of gloves
SInv    .            (no boots)
Will    .....        (no amulet) Stlth
                     (no ring)
HPRegen 0.29/turn    (no ring)
MPRegen 0.11/turn

%: no passive effects
@: no status effects
A: sickness immunity, AC +6, negative energy resistance 1, electricity
resistance, torment resistance 1, petrification resistance
a: no special abilities


You were on level 7 of the Dungeon.
You visited 2 branches of the dungeon, and saw 8 of its levels.

You collected 391 gold pieces.

Inventory:

Hand Weapons
 a - a +0 flail (weapon)
Missiles
 m - 20 poisoned darts (quivered)
 x - a throwing net
Armour
 b - a +0 scale mail (worn)
 e - a +0 pair of gloves (worn)
 B - a +0 kite shield (worn)
Wands
 q - a wand of roots (14)
Scrolls
 g - 4 scrolls of identify {unknown}
 h - a scroll of fog {unknown}
 k - a scroll of teleportation {unknown}
 l - 3 scrolls of poison {unknown}
 o - 2 scrolls of enchant armour {unknown}
 r - a scroll of enchant weapon {unknown}
 s - 3 scrolls of vulnerability {unknown}
 u - a scroll of revelation {unknown}
 w - a scroll of amnesia {unknown}
 y - 2 scrolls of acquirement {unknown}
Potions
 d - a potion of might
 f - a potion of heal wounds {unknown}
 i - 4 potions of curing {unknown}
 j - a potion of haste {unknown}
 n - 2 potions of brilliance {unknown}
 p - 2 potions of attraction {unknown}
 t - 3 potions of invisibility {unknown}
 v - a potion of mutation {unknown}
 z - a potion of lignification {unknown}
 A - a potion of degeneration {unknown}


   Skills:
 + Level 6.2 Fighting
 + Level 8.4 Maces & Flails
 + Level 6.6 Armour
 + Level 3.1 Dodging
 + Level 0.4 Stealth
 + Level 5.1 Shields


You had 8 spell levels left.
You didn't know any spells.
Your spell library contained the following spells:

 Spells                   Type           Power      Damage    Failure   Level
 Kiss of Death            Conj/Necr      0%         2d5       88%         1
 Confusing Touch          Hex            0%         N/A       99%         3
 Dispel Undead            Necr           0%         3d6       100%        4


Dungeon Overview and Level Annotations

Branches:
Dungeon (7/15)             Temple (1/1) D:4

Altars:
Ashenzari
Cheibriados
Dithmenos
Elyvilon
Gozag
Hepliaklqana
Kikubaaqudgha
Makhleb
Nemelex Xobeh
Qazlal
Ru
Sif Muna
Trog
Uskayaw
Vehumet
Wu Jian
Xom
Yredelemnul
Zin
The Shining One

Shops:
D:4 !:!([


Innate Abilities, Weirdness & Mutations

You are immune to sickness and miasma.
Your stone body is resilient. (AC +6)
You are immune to poison.
You resist negative energy. (rN+)
You are resistant to electric shocks. (rElec)
You are resistant to unholy torment.
You are immune to petrification.


Message History

You are too injured to fight recklessly!
You thump the orc warrior!
The orc warrior is heavily wounded.
The orc warrior hits you with a +0 glaive!
You hit the orc warrior but do no damage.
The orc warrior is heavily wounded.
The orc warrior barely misses you.
You hit the orc warrior but do no damage.
The orc warrior is heavily wounded.
The orc warrior closely misses you.
You hit the orc warrior but do no damage.
The orc warrior is heavily wounded.
The orc warrior hits you with a +0 glaive.
You barely miss the orc warrior.
The orc warrior is heavily wounded.
You block the orc warrior's attack.
You hit the orc warrior.
The orc warrior is severely wounded.
The orc warrior hits you with a +0 glaive!
* * * LOW HITPOINT WARNING * * *
You hit the orc warrior but do no damage.
The orc warrior is severely wounded.
The orc warrior hits you with a +0 glaive.
* * * LOW HITPOINT WARNING * * *
You barely miss the orc warrior.
The orc warrior is severely wounded.
You block the orc warrior's attack. x2
You hit the orc warrior but do no damage.
The orc warrior is severely wounded.
You block the orc warrior's attack.
You hit the orc warrior but do no damage.
The orc warrior is severely wounded.
The orc warrior misses you.
You closely miss the orc warrior.
The orc warrior is severely wounded.
The orc warrior hits you but does no damage.
You sock the orc warrior!
The orc warrior is almost dead.
The orc warrior hits you with a +0 glaive.
You die...

#....................#
.#####.#.#...#.#.#...#
#.#..............
###.##..#..#.#!.#..
#...)#.............
#.#)<#..#.#._.#.#..
#.####.........o.. #.#
#..#$.#.#..#.. #.#
#...@o.......
##.#####.).#.#.#....
#............... .#.
####....#######.........
........# #######..
.#.#.#..# # #...#..# ...
...# ##......#


You could see an orc warrior.

Vanquished Creatures
  5 ice beasts
  2 black bears
  A sky beast (D:3)
  A centaur (D:5)
  A phantom (D:4)
  3 bullfrogs (D:6)
  3 scorpions
  3 hounds
  A bombardier beetle (D:3)
  2 gnoll boudas
  A jelly (D:6)
  6 orc priests
  5 iguanas
  Natasha (thrice) (D:3)
  2 orc wizards
  7 adders
  17 gnolls
  2 shadow imps
  A white imp (D:4)
  A dart slug (D:2)
  A ribbon worm (D:2)
  14 orcs
  4 endoplasms
  3 giant cockroaches
  9 hobgoblins
  6 jackals
  11 kobolds
  5 quokkas
  12 ball pythons
  3 bats
  5 frilled lizards
  6 goblins (D:1)
  3 rats
149 creatures vanquished.

Notes
Turn   | Place    | Note
-------+----------+-------------------------------------------
     0 | D:1      | AdnanSaban the Gargoyle Fighter began the quest for the
                  | Orb.
     0 | D:1      | Reached XP level 1. HP: 14/14 MP: 1/1
   132 | D:1      | Reached XP level 2. HP: 18/19 MP: 2/2
   731 | D:1      | Reached XP level 3. HP: 21/23 MP: 3/3
   739 | D:1      | Found a faded altar of an unknown god.
  1030 | D:2      | Found a glowing golden altar of the Shining One.
  1272 | D:2      | Reached skill level 3 in Maces & Flails
  1276 | D:2      | Reached XP level 4. HP: 17/28 MP: 4/4
  1741 | D:3      | Found a hazy altar of Hepliaklqana.
  1742 | D:3      | Noticed a sky beast
  1856 | D:3      | Killed a sky beast
  1857 | D:3      | Reached skill level 1 in Dodging
  1857 | D:3      | Reached XP level 5. HP: 33/33 MP: 5/5
  1874 | D:3      | Reached skill level 4 in Maces & Flails
  1998 | D:3      | Noticed Natasha
  1999 | D:3      | You fall into a shaft and drop 2 floors!
  1999 | D:5      | Entered Level 5 of the Dungeon
  2136 | D:5      | Reached XP level 6. HP: 26/38 MP: 6/6
  2181 | D:5      | Noticed a black bear
  2296 | D:4      | Found an opulent altar of Gozag.
  2452 | D:3      | Killed Natasha
  2586 | D:3      | Noticed Natasha
  2601 | D:3      | Killed Natasha
  2602 | D:3      | Reached skill level 5 in Maces & Flails
  2663 | D:3      | Noticed Natasha
  2671 | D:3      | Killed Natasha
  2672 | D:3      | Reached XP level 7. HP: 36/43 MP: 7/7
  2931 | D:4      | Found a staircase to the Ecumenical Temple.
  3141 | D:4      | Found Qeakaec's Book Emporium.
  3183 | D:4      | Found Usib's Antique Weapon Boutique.
  3225 | D:4      | Found Ithromm's Distillery.
  3241 | D:4      | Reached skill level 5 in Armour
  3448 | D:4      | Found Tolometo's Antique Armour Emporium.
  3483 | D:4      | Found Zegrilui's Distillery.
  3676 | Temple   | Entered the Ecumenical Temple
  3851 | D:5      | Reached skill level 6 in Maces & Flails
  4004 | D:5      | Reached XP level 8. HP: 41/48 MP: 8/8
  4505 | D:5      | Identified the +2 ring mail of Dawn {+Blink rPois Str+3
                  | Int+2}
  4514 | D:5      | Reached skill level 5 in Fighting
  4531 | D:5      | Reached skill level 7 in Maces & Flails
  5299 | D:6      | Found a glowing silver altar of Zin.
  5325 | D:6      | Reached skill level 5 in Shields
  5634 | D:6      | Reached XP level 9. HP: 54/54 MP: 9/9
  5735 | D:6      | Reached skill level 8 in Maces & Flails
  6112 | D:6      | Found a basalt altar of Yredelemnul.
  6114 | D:6      | Found a shimmering blue altar of Sif Muna.
  6533 | D:7      | Found a radiant altar of Vehumet.
  6735 | D:7      | Slain by an orc warrior

Illustrated notes

Levels and vault maps discovered:
D:1:      reono_arrival_forest_river, layout_basic,
          nicolae_ecumenical_lake_church
D:2:      layout_basic, basic_altar
D:3:      layout_rooms, mainiacjoe_overflow_chevrons, uniq_natasha
D:4:      layout_loops_ring, grunt_gozag_statues, temple_doors_e, serial_shops,
          nicolae_shop_industrial_runoff, kennysheep_mini, shop, shop,
          nicolae_shop_tiny_real_fake_doors
D:5:      layout_basic
D:6:      layout_basic, overflow_temple_1_default, minitemple
D:7:      layout_loops_ring, nicolae_vehumet_radiance, amcnicky_altar_gilded,
          serial_shops, nicolae_shop_tiny_waterfront
Temple:   nicolae_temple_great_sept

Skill      XL: |  1  2  3  4  5  6  7  8  9 |
---------------+----------------------------+-----
Maces & Flails | 3 4 5 6 7 8 |  8.4
Armour         | 4 5 6 |  6.6
Dodging        | 1 2 3 |  3.1
Shields        | 4 5 |  5.1
Fighting       | 4 5 6 |  6.2
Stealth        | |  0.4

Action                     |  1- 3 |  4- 6 |  7- 9 || total
---------------------------+-------+-------+-------++-------
  Melee: Flail             |   132 |   161 |   380 ||   673
 Armour: Scale mail        |   104 |   138 |   302 ||   544
  Dodge: Dodged            |    94 |   101 |   180 ||   375
  Block: Buckler           |    38 |    31 |    75 ||   144
         Kite shield       |       |       |    34 ||    34
